 Dungeon Crawl Stone Soup version 0.31-a0-175-g9f7f995f2b (webtiles) character file.

Game seed: 2955369719742212125

61 qw the Chopper (level 4, -13/28 HPs)
             Began as a Gargoyle Fighter on June 16, 2023.
             Mangled by Sigmund
             ... wielding a +0 heavy scythe
              (15 damage)
             ... on level 2 of the Dungeon.
             The game lasted 00:00:27 (1097 turns).

qw the Chopper (Gargoyle Fighter)                   Turns: 1097, Time: 00:00:28

Health: -13/28     AC: 14    Str: 21    XL:     4   Next: 7%
Magic:  4/4        EV:  9    Int:  9    God:
Gold:   72         SH:  4    Dex:  9    Spells: 3/3 levels left

rFire   . . .        Y - +0 war axe
rCold   . . .        c - +0 buckler
rNeg    + . .        b - +0 scale mail
rPois   inf          (no helmet)
rElec   +            (no cloak)
rCorr   .            (no gloves)
SInv    .            (no boots)
Will    .....        (no amulet) Stlth
                     i - +4 ring of protection
HPRegen 0.24/turn    (no ring)
MPRegen 0.09/turn

%: no passive effects
@: no status effects
A: sickness immunity, AC +3, negative energy resistance 1, electricity
resistance, torment resistance 1, petrification resistance
a: no special abilities


You were on level 2 of the Dungeon.
You visited 1 branch of the dungeon, and saw 2 of its levels.

You collected 72 gold pieces.


Innate Abilities, Weirdness & Mutations

You are immune to sickness and miasma.
Your stone body is resilient. (AC +3)
You are immune to poison.
You resist negative energy. (rN+)
You are resistant to electric shocks. (rElec)
You are resistant to unholy torment.
You are immune to petrification.


   Skills:
 - Level 3.2 Fighting
 + Level 3.8 Axes
 - Level 3.2 Armour
 - Level 3.2 Shields


You had 3 spell levels left.
You didn't know any spells.
Your spell library was empty.

Inventory:

Hand Weapons
 j - a +0 club
 Y - a +0 war axe (weapon)
Armour
 b - a +0 scale mail (worn)
 c - a +0 buckler (worn)
Jewellery
 i - a +4 ring of protection (left hand)
Scrolls
 e - a scroll of poison {unknown}
Potions
 a - a potion of curing {unknown}
 d - 2 potions of might
 f - a potion of lignification {unknown}
 g - 2 potions of magic {unknown}

Dungeon Overview and Level Annotations

Branches:
Dungeon (2/15)

Altars:

Annotations:
D:2 Sigmund


Message History

Sigmund points at you and mumbles some strange words.
You resist with some effort.
You completely miss Sigmund.
Sigmund is heavily wounded.
Sigmund barely misses you.
You closely miss Sigmund.
Sigmund is heavily wounded.
You barely miss Sigmund.
Sigmund is heavily wounded.
Sigmund casts a spell.
Sigmund flickers and vanishes!
Deactivating autopickup; reactivate with Ctrl-A.
You miss something. Something hits you but does no damage.
You miss something. Something hits you but does no damage.
You closely miss something. You barely miss something.
Something hits you but does no damage.
You hit something but do no damage. You barely miss something.
Something hits you!
You closely miss something. Something hits you.
You hit something. You barely miss something. Something hits you.
You miss something. You barely miss something.
Something hits you but does no damage.
You barely miss something. Something hits you but does no damage.
You closely miss something. You completely miss something. Something hits you!
You barely miss something. You barely miss something. Something hits you!
Ouch! That really hurt!
You die...

######## #......#
#######.####.#
#............#
#.###........#
#.##...###.#.#####
#@#.....##.......#
#.....{.##...#####)###.#
#.#########..# #.#
#..#####.# #........#
###'....#### #.'''''.#
##.'''''.# ##..''_''.#


There were no monsters in sight!

Vanquished Creatures
  Jessica (D:2)
  2 adders (D:2)
  A dart slug (D:1)
  A giant cockroach (D:2)
  3 goblins
  3 hobgoblins (D:1)
  A quokka (D:1)
  2 ball pythons (D:1)
  3 rats (D:1)
17 creatures vanquished.

Notes
Turn   | Place    | Note
-------+----------+-------------------------------------------
     0 | D:1      | qw the Gargoyle Fighter began the quest for the Orb.
     0 | D:1      | Reached XP level 1. HP: 14/14 MP: 1/1
     0 | D:1      | 0 ||| qw: Version: 0.2-a-29-g511e9b1
     0 | D:1      | 0 ||| qw: Game counter: 5815
     0 | D:1      | 0 ||| qw: Always use a shield: true
     0 | D:1      | 0 ||| qw: God list: Okawaru
     0 | D:1      | 0 ||| qw: Allow faded altars: false
     0 | D:1      | 0 ||| qw: Do Orc after D:15 true
     0 | D:1      | 0 ||| qw: Do second Lair branch before Depths: true
     0 | D:1      | 0 ||| qw: Lair rune preference: random
     0 | D:1      | 0 ||| qw: Plans: Normal, Zot:1-4, Slime:5, God:TSO, Crypt,
                  | Tomb, Abyss, Pan, Hells, Win
     0 | D:1      | 0 ||| PLANNING D:1-11
   278 | D:1      | Reached XP level 2. HP: 19/19 MP: 2/2
   680 | D:1      | 680 ||| UPGRADING to +4 ring of protection.
   681 | D:1      | 681 ||| READING scroll labelled WOAQOS RANUZALE.
   682 | D:1      | 682 ||| READING scroll labelled GIH FAOLEIVUBA.
   683 | D:1      | 683 ||| READING scroll labelled LEMIXE QOIMUI.
   684 | D:1      | 684 ||| READING scroll labelled LASMEE HAMOMP.
   774 | D:2      | Reached skill level 3 in Axes
   797 | D:2      | Reached XP level 3. HP: 23/23 MP: 3/3
   923 | D:2      | Noticed Jessica
   924 | D:2      | 924 ||| Stepping ~*~*~tactically~*~*~ (hiding).
   925 | D:2      | 925 ||| Stepping ~*~*~tactically~*~*~ (hiding).
   930 | D:2      | Killed Jessica
   931 | D:2      | Reached XP level 4. HP: 28/28 MP: 4/4
  1031 | D:2      | Found a faded altar of an unknown god.
  1067 | D:2      | Noticed Sigmund
  1068 | D:2      | 1068 ||| Stepping ~*~*~tactically~*~*~ (hiding).
  1095 | D:2      | HP: 1/28 [something (10)]
  1097 | D:2      | Mangled by Sigmund

Levels and vault maps discovered:
D:1:      scummos_arrival_forest, layout_loops_ring
D:2:      layout_loops_corners, hellmonk_ecumenical_altar_heavens_door,
          serial_shops, nicolae_shop_waterfront, uniq_robin, uniq_jessica,
          uniq_sigmund

Skill      XL: |  1  2 |
---------------+-------+-----
Axes           | 2 3 |  3.8
Fighting       | |  3.2
Armour         | |  3.2
Shields        | |  3.2

Action                     |  1- 3 |  4- 6 || total
---------------------------+-------+-------++-------
  Melee: War axe           |    57 |    22 ||    79
    Use: Scroll            |     4 |       ||     4
 Armour: Scale mail        |    27 |     6 ||    33
  Dodge: Dodged            |    22 |     4 ||    26
  Block: Buckler           |    12 |       ||    12

Table legend:
 A = Non-vault XP
 B = Vault XP
 C = Vault XP percentage of total XP
 D = Non-vault monster count
 E = Vault monster count
 F = Vault count percentage of total count
                 A         B        C        D         E       F
            +---------+---------+-------+---------+---------+-------
      Total |      51 |      37 |  42.0 |      16 |       1 |   5.9
            +---------+---------+-------+---------+---------+-------
        D:1 |      19 |       0 |   0.0 |      11 |       0 |   0.0
        D:2 |      32 |      37 |  53.6 |       5 |       1 |  16.7
            +---------+---------+-------+---------+---------+-------
